 Dungeon Crawl Stone Soup version 0.18-b1-22-ge198996 (webtiles) character file.

1540 minicreteconcrete the Ducker (level 8, -3/71 HPs)
             Began as a Yellow Draconian Abyssal Knight on May 3, 2016.
             Was an Elder of Lugonu.
             Slain by Joseph
             ... wielding a +0 quarterstaff
              (4 damage)
             ... on level 7 of the Dungeon.
             The game lasted 00:15:51 (4531 turns).

minicreteconcrete the Ducker (DrAK)                 Turns: 4531, Time: 00:15:53

Health: -3/71      AC:  7    Str: 14    XL:     8   Next: 56%
Magic:  3/3        EV: 16    Int: 14    God:    Lugonu [****..]
Gold:   249        SH:  0    Dex: 14    Spells: 0 memorised, 7 levels left

rFire  . . .     SeeInvis .     d - +10 mace of Feisoato {antimagic, *Noise +Blink MR+ Int+2}
rCold  . . .     Gourm    .     (armour unavailable)
rNeg   . . .     Faith    .     (no shield)
rPois  .         Spirit   .     (helmet restricted)
rElec  .         Dismiss  .     t - +0 cloak
rCorr  +         Reflect  .     (no gloves)
SustAt .         Harm     .     (no boots)
MR     ++...                    (no amulet)
Stlth  +.........               u - ring of protection from magic
                                j - ring of loudness

@: very resistant to hostile enchantments, very unstealthy
A: spit acid, acid resistance, unfitting armour, cold-blooded, AC +6
a: Spit Acid, Depart the Abyss, Bend Space, Banish, Corrupt, Renounce Religion,
Evoke Blink


You were on level 7 of the Dungeon.
You worshipped Lugonu.
Lugonu was greatly pleased with you.
You were hungry.

You visited 1 branch of the dungeon, and saw 7 of its levels.
You visited the Abyss 1 time.

You collected 249 gold pieces.

Inventory:

Hand Weapons
 a - a +2 falchion
 b - a +0 dagger of venom
 d - the +10 mace of Feisoato (weapon) {antimagic, *Noise +Blink MR+ Int+2}
   (You found it on level 4 of the Dungeon)

   It disrupts the flow of magical energy around spellcasters and certain
   magical creatures (including the wielder).
   It affects your intelligence (+2).
   It affects your resistance to hostile enchantments.
   It lets you blink.
   It may make noises in combat.
 k - a +3 dagger
 s - a +0 long sword
Armour
 t - a +0 cloak (worn)
Jewellery
 j - a ring of loudness (left hand)
 u - a ring of protection from magic (right hand)
Wands
 p - a wand of lightning (2/15)
 w - a wand of acid (11/15)
 x - a wand of confusion (21/48)
Scrolls
 c - 3 scrolls of enchant weapon
 f - 7 scrolls of teleportation
 g - a scroll of immolation
 o - 6 scrolls of identify
 q - 3 scrolls of fog
 y - a scroll of blinking
Potions
 e - a potion of magic
 h - a potion of berserk rage
 i - a potion of lignification {unknown}
 m - a potion of haste {unknown}
 r - a potion of cancellation {unknown}
Comestibles
 l - 3 meat rations
 n - 6 bread rations
 v - a slice of pizza
 z - 5 chunks of flesh


   Skills:
 + Level 6.3 Fighting
 - Level 3.6 Long Blades
 * Level 4.7 Maces & Flails
 + Level 7.1 Dodging
 - Level 0.8 Stealth
 + Level 2.0 Invocations


You had 7 spell levels left.
You didn't know any spells.

Dungeon Overview and Level Annotations

Branches:
Dungeon (7/15)             Temple (0/1) D:5

Altars:
Ashenzari
Dithmenos
Elyvilon
Fedhas
Gozag
Kikubaaqudgha
Nemelex Xobeh
Pakellas
Qazlal
Sif Muna
Trog
The Shining One

Shops:
D:4 (

Annotations:
D:3 Lovchig's ghost, amateur MiFi
D:7 Joseph


Innate Abilities, Weirdness & Mutations

You can spit globs of acid.
You are resistant to acid.
Your golden yellow scales are hard (AC +6).
Your body does not fit into most forms of armour.
You are cold-blooded and may be slowed by cold attacks.


Message History

Joseph barely misses you.
Joseph hits you with an uncursed quarterstaff.
* * * LOW HITPOINT WARNING * * *
You hit Joseph.
Joseph is severely wounded.
Joseph closely misses you.
You hit Joseph.
Joseph is severely wounded.
Joseph closely misses you.
You sock Joseph!
Your mace of Feisoato prattles on and on.
Joseph is almost dead.
You hear a chilling moan.
You hear a shout! x2
Joseph hits you with an uncursed quarterstaff!
* * * LOW HITPOINT WARNING * * *
Drink which item? (? for menu, Esc to quit)
It was a potion of magic.
Magic courses through your body.
You have got your breath back.
Joseph hits you with an uncursed quarterstaff.
You die...

#.........#
+.....<...#
#...##...##
#+##...##...# ######
............# g....#
............# .....#
............#
##...###########(###
##...##...##..##@#
.@.@...........(@#
.....@.....).....#
####.###..##.##..#
#.# #####.###+#
...... ... .......
..... .......
.).....
.................


You could see Joseph.

Vanquished Creatures
  A water moccasin (D:6)
  2 black bears (D:5)
  2 orc warriors
  2 scorpions
  3 wights (D:3)
  3 crimson imps
  A gnoll shaman (D:5)
  2 hounds (D:6)
  2 jellies
  2 orc priests (D:4)
  4 orc wizards
  3 giant frog skeletons
  3 worker ants
  A hound zombie (D:6)
  9 gnolls
  6 adders
  A shadow imp (D:6)
  2 oozes
  A worm (D:2)
  A dart slug (D:3)
  A giant gecko (D:1)
  18 orcs
  6 giant cockroaches
  4 goblins
  4 hobgoblins
  10 kobolds
  4 quokkas
  A ball python (D:2)
  8 bats
  4 giant newts (D:2)
  7 rats
118 creatures vanquished.

Notes
Turn   | Place    | Note
--------------------------------------------------------------
     0 | Abyss:1  | minicreteconcrete the Draconian Abyssal Knight began the quest for the Orb.
     0 | Abyss:1  | Reached XP level 1. HP: 19/19 MP: 2/2
    43 | D:1      | Escaped the Abyss
   168 | D:1      | Reached XP level 2. HP: 12/27 MP: 3/3
   666 | D:2      | Reached ** piety under Lugonu
   750 | D:2      | Found an oddly glowing altar of Pakellas.
   836 | D:2      | Reached XP level 3. HP: 13/33 MP: 4/4
  1111 | D:3      | Reached skill level 3 in Dodging
  1111 | D:3      | Reached XP level 4. HP: 27/41 MP: 5/5
  1124 | D:3      | Reached XP level 5. HP: 19/47 MP: 6/6
  1150 | D:3      | Noticed Lovchig's ghost (amateur MiFi)
  1211 | D:4      | Gained mutation: You have large cloven feet. [potion of mutation]
  1211 | D:4      | Gained mutation: Your muscles are strong. (Str +2) [potion of mutation]
  1211 | D:4      | Gained mutation: You are occasionally teleported next to monsters. [potion of mutation]
  1248 | D:4      | Lost mutation: You have large cloven feet. [potion of cure mutation]
  1248 | D:4      | Lost mutation: Your muscles are strong. (Str +2) [potion of cure mutation]
  1248 | D:4      | Lost mutation: You are occasionally teleported next to monsters. [potion of cure mutation]
  1255 | D:4      | Reached skill level 5 in Fighting
  1255 | D:4      | Reached skill level 4 in Dodging
  1255 | D:4      | Reached XP level 6. HP: 16/56 MP: 7/7
  1270 | D:4      | Reached *** piety under Lugonu
  1598 | D:4      | Found Fisyulin's Antique Weapon Shoppe.
  1631 | D:4      | Found a shadowy altar of Dithmenos.
  1650 | D:4      | Got a crystal mace
  1651 | D:4      | Identified the +10 mace of Feisoato {antimagic, *Noise +Blink MR+ Int+2} (You found it on level 4 of the Dungeon)
  1706 | D:4      | Found a blossoming altar of Fedhas.
  1732 | D:4      | Reached skill level 1 in Maces & Flails
  2103 | D:4      | Found a stormy altar of Qazlal.
  2104 | D:4      | Found an opulent altar of Gozag.
  2104 | D:4      | Found a deep blue altar of Sif Muna.
  2109 | D:4      | Found a bloodstained altar of Trog.
  2197 | D:3      | Found an ancient bone altar of Kikubaaqudgha.
  2379 | D:3      | Found a glowing golden altar of the Shining One.
  2682 | D:3      | Reached skill level 5 in Dodging
  2939 | D:5      | Entered Level 5 of the Dungeon
  2975 | D:5      | Your scales start taking on a golden yellow colour.
  2975 | D:5      | Reached XP level 7. HP: 60/61 MP: 2/8
  3006 | D:5      | Found a sparkling altar of Nemelex Xobeh.
  3217 | D:5      | Found a white marble altar of Elyvilon.
  3282 | D:5      | Found a staircase to the Ecumenical Temple.
  3305 | D:5      | Found a shattered altar of Ashenzari.
  3592 | D:5      | Reached skill level 6 in Dodging
  3615 | D:5      | Reached XP level 8. HP: 62/70 MP: 3/9
  3765 | D:5      | Found a sparkling altar of Nemelex Xobeh.
  3838 | D:5      | Found a white marble altar of Elyvilon.
  3863 | D:5      | Found a staircase to the Ecumenical Temple.
  3993 | D:6      | Reached **** piety under Lugonu
  4174 | D:6      | Found a sparkling altar of Nemelex Xobeh.
  4197 | D:6      | Reached skill level 7 in Dodging
  4452 | D:7      | Noticed Joseph
  4530 | D:7      | HP: 1/71 [Joseph/uncursed quarterstaff (12)]
  4531 | D:7      | Slain by Joseph

Skill      XL: |  1  2  3  4  5  6  7  8 |
---------------+-------------------------+-----
Fighting       | 4 5 6 |  6.3
Long Blades    | 3 |  3.6
Dodging        | 3 4 5 6 7 |  7.1
Maces & Flails | 1 3 4 |  4.7
Stealth        | |  0.8
Invocations    | |  2.0

Action                   |  1- 3 |  4- 6 |  7- 9 || total
-------------------------+-------+-------+-------++-------
Melee: Falchion          |   106 |    58 |       ||   164
       Dagger            |    23 |       |       ||    23
       Tailslap          |     7 |    10 |    15 ||    32
       Mace              |       |    53 |   126 ||   179
 Abil: Spit Acid         |       |       |    10 ||    10
Evoke: Wand              |       |       |     1 ||     1
  Use: Scroll            |     3 |     6 |     2 ||    11
       Potion            |       |     4 |     1 ||     5
  Eat: Chunk             |     1 |     7 |     6 ||    14
Armor: Skin              |    42 |    50 |    42 ||   134
Dodge: Dodged            |   102 |   103 |   129 ||   334
